 Dungeon Crawl Stone Soup version 0.19-a0-1493-gd0fcaa6 (webtiles) character file.

303 Amnesiac the Bolt Thrower (level 6, -6/39 HPs)
             Began as a Kobold Hunter on Sept 9, 2016.
             Killed from afar by an orc wizard (8 damage)
             ... with a puff of flame
             ... on level 4 of the Dungeon.
             The game lasted 00:04:27 (2126 turns).

Amnesiac the Bolt Thrower (Kobold Hunter)           Turns: 2126, Time: 00:04:28

Health: -6/39      AC:  5    Str:  9    XL:     6   Next: 66%
Magic:  6/6        EV: 13    Int: 12    God:
Gold:   111        SH:  0    Dex: 18    Spells: 0 memorised, 5 levels left

rFire  . . .     SeeInvis .     n - +0 dagger (venom)
rCold  . . .     Gourm    .     k - +0 ring mail
rNeg   . . .     Faith    .     (shield restricted)
rPois  .         Spirit   .     (no helmet)
rElec  .         Dismiss  .     (no cloak)
rCorr  .         Reflect  .     (no gloves)
MR     .....     Harm     .     (no boots)
Stlth  +.........               (no amulet)
                                (no ring)
                                (no ring)

@: no status effects
A: carnivore 3
a: no special abilities


You were on level 4 of the Dungeon.
You were completely stuffed.

You visited 1 branch of the dungeon, and saw 5 of its levels.

You collected 111 gold pieces.

Inventory:

Hand Weapons
 a - a +1 hand crossbow
 l - a +2 dagger of protection
 n - a +0 dagger of venom (weapon)
Missiles
 d - 32 bolts
Armour
 k - a +0 ring mail (worn)
Wands
 r - a wand of random effects (21/48)
Scrolls
 c - 2 scrolls of noise {unknown}
 e - 2 scrolls of remove curse {unknown}
 h - a scroll of fog {unknown}
 j - 2 scrolls of immolation {unknown}
 m - a scroll of identify {unknown}
 o - 2 scrolls of teleportation {unknown}
Potions
 i - a potion of degeneration {unknown}
 q - a potion of lignification {unknown}
Comestibles
 f - 2 meat rations
 g - 2 royal jellies
 p - a slice of pizza


   Skills:
 + Level 4.5 Fighting
 * Level 7.8 Crossbows
 - Level 2.4 Dodging
 - Level 1.3 Stealth


You had 5 spell levels left.
You didn't know any spells.

Dungeon Overview and Level Annotations

Branches:
Dungeon (5/15)
 Temple: D:4-7

Altars:
Dithmenos
Kikubaaqudgha
Ru
Xom

Shops:
D:4 }

Annotations:
D:2 exclusion: gnoll


Innate Abilities, Weirdness & Mutations

You are small and have problems with some larger weapons.
You are carnivorous and can eat meat at any time.


Message History

The orc wizard closely misses you. x2
The orc wizard miscasts a cantrip.
You barely miss the orc.
The orc is heavily wounded.
It was a potion of cancellation.
You feel magically purged.
You hit the orc wizard but do no damage.
The orc wizard is heavily wounded.
The orc wizard looks more healthy.
The orc wizard points at you and mumbles some strange words.
The magic dart hits you!
* * * LOW HITPOINT WARNING * * *
You hit the orc wizard.
The orc wizard is poisoned.
The orc wizard is almost dead.
The orc wizard completely misses you. The orc wizard casts a spell at you.
The magic dart hits you!
* * * LOW HITPOINT WARNING * * *
The orc wizard gestures at you while chanting.
The puff of flame hits you!
You die...

#.##.....(...##.....####..
# #.....(...##...)...[..#
#.........###.#########
#......)..##..#
###...###.##..#
###.[.###.##..###
.##...............#
...........>##....#
###.....@...##....#
###...##...#.#..#
#..o#......#..#
##.........#..#######
####................
##...###..######. #..##
#..# #. #..# #..# #.
#..####..# #.


You could see an orc wizard.

Vanquished Creatures
  An ogre (D:4)
  2 orc priests (D:4)
  2 orc wizards (D:4)
  A worker ant (D:4)
  2 adders
  2 oozes
  An adder skeleton (D:4)
  3 giant geckos (D:4)
  11 orcs
  5 bats
  3 giant cockroaches
  A hobgoblin (D:2)
  6 jackals
  2 ball pythons
  A giant newt (D:2)
  2 goblins
  A jackal skeleton (D:4)
  A kobold (D:4)
  2 rats (D:3)
  A butterfly (D:5)
50 creatures vanquished.

Notes
Turn   | Place    | Note
-------+----------+-------------------------------------------
     0 | D:1      | Amnesiac the Kobold Hunter began the quest for the Orb.
     0 | D:1      | Reached XP level 1. HP: 12/12 MP: 1/1
    70 | D:1      | Reached skill level 5 in Crossbows
    76 | D:1      | Reached XP level 2. HP: 18/18 MP: 2/2
   168 | D:2      | Found a sacrificial altar of Ru.
   169 | D:2      | Found an ancient bone altar of Kikubaaqudgha.
   263 | D:2      | Reached XP level 3. HP: 22/22 MP: 3/3
   287 | D:3      | Found a shadowy altar of Dithmenos.
   527 | D:4      | Found Lups's Gadget Shoppe.
   954 | D:4      | Reached XP level 4. HP: 20/28 MP: 4/4
  1067 | D:4      | Reached skill level 6 in Crossbows
  1311 | D:4      | Reached XP level 5. HP: 3/32 MP: 5/5
  1658 | D:4      | Noticed an ogre
  1674 | D:5      | Entered Level 5 of the Dungeon
  1724 | D:5      | Found a shimmering altar of Xom.
  1729 | D:5      | Noticed an ogre
  1775 | D:4      | Killed an ogre
  1775 | D:4      | Reached skill level 7 in Crossbows
  1775 | D:4      | Reached XP level 6. HP: 38/38 MP: 6/6
  2126 | D:4      | Killed from afar by an orc wizard

Vault maps used:
D:1:      roderic_chinese_lattice_arrival, minmay_pentomino_w2
D:2:      gammafunk_temple_overflow_pools
D:3:      cheibrodos_ashenzari_chains, grunt_dithmenos_smoke,
          minmay_misc_feat_tower, st_stairs_7
D:4:      first_bread, serial_shops, nicolae_shop_competitors_out_of_business
D:5:      xom_butterflies, lemuel_another_geyser, uniq_edmund

Skill      XL: |  1  2  3  4  5 |
---------------+----------------+-----
Crossbows      | 5 6 7 |  7.8
Fighting       | 3 4 |  4.5
Dodging        | |  2.4
Stealth        | |  1.3

Action                   |  1- 3 |  4- 6 || total
-------------------------+-------+-------++-------
Melee: Dagger            |    44 |    97 ||   141
 Fire: Hand crossbow     |    34 |     8 ||    42
  Use: Potion            |       |     2 ||     2
 Stab: Sleeping          |       |     2 ||     2
  Eat: Chunk             |     6 |     6 ||    12
Armor: Ring mail         |    15 |    25 ||    40
       Leather armour    |     1 |       ||     1
Dodge: Dodged            |    42 |    53 ||    95
